 Dungeon Crawl Stone Soup version 0.25-a0-1133-g93ebf739aa (webtiles) character file.

Game seed: 12351163758003079668, levelgen mode: deterministic

1552 Rikkoh the Digger (level 8, -20/44 HPs)
             Began as a Gargoyle Earth Elementalist on May 21, 2020.
             Demolished by a two-headed ogre
             ... wielding a +0 giant club
              (21 damage)
             ... on level 6 of the Dungeon.
             The game lasted 00:11:31 (5946 turns).

Rikkoh the Digger (Gargoyle Earth Elementalist)     Turns: 5946, Time: 00:11:32

Health: -20/44     AC: 10    Str: 13    XL:     8   Next: 88%
Magic:  13/16      EV: 12    Int: 17    God:
Gold:   255        SH:  0    Dex: 10    Spells: 9/18 levels left

rFire    . . .     SeeInvis .   i - +1 mace
rCold    . . .     Gourm    .   (no shield)
rNeg     + + .     Faith    .   v - +1 robe of the Castellan {rElec Str+2}
rPois    ∞         Spirit   .   e - +0 helmet
rElec    +         Reflect  .   (no cloak)
rCorr    +         Harm     .   s - +0 pair of gloves
MR       .....                  (no boots)
Stlth    ++........             l - amulet of magic regeneration
HPRegen  0.14/turn              g - ring of positive energy
MPRegen  0.40/turn              w - ring of resist corrosion

@: no status effects
A: talons 1, negative energy resistance 1, electricity resistance, weak 1, wild
magic 1, unbreathing, petrification resistance, rot immunity, AC +5
a: no special abilities


You were on level 6 of the Dungeon.
You were not hungry.

You visited 1 branch of the dungeon, and saw 6 of its levels.

You collected 255 gold pieces.

Inventory:

Hand Weapons
 a - a +0 club
 i - a +1 mace (weapon)
 q - a +0 whip of freezing
 x - a +0 flail
Missiles
 b - 78 stones (quivered)
Armour
 e - a +0 helmet (worn)
 s - a +0 pair of gloves (worn)
 v - the +1 robe of the Castellan (worn) {rElec Str+2}
   (You found it on level 4 of the Dungeon)

   It affects your strength (+2).
   It insulates you from electricity.
Jewellery
 g - a ring of positive energy (left hand)
 j - an uncursed ring of fire
 l - an amulet of magic regeneration (around neck)
 w - a ring of resist corrosion (right hand)
Wands
 n - a wand of clouds (9)
 y - a wand of flame (13)
 z - a wand of digging (3)
 B - a wand of random effects (19)
Scrolls
 k - 5 scrolls of teleportation
 t - 2 scrolls of enchant weapon
 A - 3 scrolls of remove curse
Potions
 c - a potion of ambrosia {unknown}
 f - a potion of haste {unknown}
 h - a potion of lignification
 m - 3 potions of heal wounds
 o - a potion of mutation
 p - a potion of resistance {unknown}
 r - a potion of brilliance {unknown}
 u - 2 potions of invisibility
Comestibles
 d - 5 rations


   Skills:
 + Level 1.8 Fighting
 + Level 1.6 Maces & Flails
 + Level 1.8 Armour
 + Level 2.3 Dodging
 - Level 2.1 Stealth
 + Level 5.5 Spellcasting
 + Level 5.6 Conjurations
   Level 0.7 Transmutations
 + Level 7.8 Earth Magic
 + Level 1.5 Evocations


You had 9 spell levels left.
You knew the following spells:

 Your Spells              Type           Power        Failure   Level  Hunger
a - Sandblast             Erth           #####.       1%          1    None
b - Stone Arrow           Conj/Erth      #####.       4%          3    ##.....
c - Lee's Rapid Deconstr  Erth           #####.....   22%         5    ######.

Your spell library contained the following spells:

 Spells                   Type           Power        Failure   Level  Hunger
 Passwall                 Tmut/Erth      ####....     6%          2    #......
 Petrify                  Tmut/Erth      ####....     30%         4    ####...


Dungeon Overview and Level Annotations

Branches:
Dungeon (6/15)
 Temple: D:4-7

Altars:
Dithmenos
Qazlal
Ru
Trog
Yredelemnul

Annotations:
D:3 3 runed translucent doors, Sickboy's ghost, amateur MiFi


Innate Abilities, Weirdness & Mutations

You are resistant to torment.
Your stone body is resilient. (AC +5)
You are immune to poison.
You resist negative energy. (rN+)
You are resistant to electric shocks. (rElec)
You can survive without breathing.
You are immune to petrification.
You are immune to rotting.
You have sharp toenails.
You are weak. (Str -2)
Your spells are a little harder to cast, but a little more powerful.


Message History

Confirm with . or Enter, or press ? or * to list all spells.
Aiming: Sandblast (safe; 1% risk of failure)
Press: ? - help, Shift-Dir - straight line, f/p - two-headed ogre
Aim: a two-headed ogre, wielding two +0 giant clubs (moderately wounded)
The blast of sand hits the two-headed ogre!
The two-headed ogre is heavily wounded.
b - 79 stones The two-headed ogre hits you with a +0 giant club!!
* * * LOW HITPOINT WARNING * * *
The two-headed ogre barely misses you.
Casting: Sandblast (safe; 1% risk of failure)
Confirm with . or Enter, or press ? or * to list all spells.
Aiming: Sandblast (safe; 1% risk of failure)
Press: ? - help, Shift-Dir - straight line, f/p - two-headed ogre
Aim: a two-headed ogre, wielding two +0 giant clubs (heavily wounded)
The blast of sand hits the two-headed ogre!!
The two-headed ogre is almost dead.
b - 78 stones The two-headed ogre hits you with a +0 giant club!!
You die...

#.......## .........#.
##.........
..........#####.
...............
.#..#......../#
..............#
#..@......# #######
#...O.....# #......
#<......... #<.....
#$.............#Z.O...
....#...................
........###.#.######...o..
...####.. ....# #...... ..
##. >...# #...... . . ...
#......


You could see a two-headed ogre.

Vanquished Creatures
  Grinder (D:5)
  A hungry ghost (D:2)
  Duvessa (D:5)
  A centaur (D:5)
  An ogre (D:5)
  A crocodile (D:4)
  Dowan (D:5)
  4 scorpions
  2 crimson imps (D:5)
  A jelly (D:4)
  2 orc priests (D:4)
  A centaur skeleton (D:4)
  4 orc wizards (D:4)
  2 iguanas (D:4)
  Ijyb (D:5)
  A hound skeleton (D:6)
  4 gnolls (D:2)
  10 adders
  3 oozes
  An adder zombie (D:6)
  3 adder skeletons (D:4)
  3 worms
  A dart slug (D:1)
  5 leopard geckos
  10 orcs (D:4)
  2 ball pythons
  3 giant cockroaches (D:1)
  5 goblins
  4 hobgoblins
  4 jackals (D:2)
  5 quokkas
  8 bats
  10 frilled lizards
  6 kobolds
  9 rats
121 creatures vanquished.

Notes
Turn   | Place    | Note
-------+----------+-------------------------------------------
     0 | D:1      | Rikkoh the Gargoyle Earth Elementalist began the quest for
                  | the Orb.
     0 | D:1      | Reached XP level 1. HP: 10/10 MP: 3/3
    57 | D:1      | Reached skill level 4 in Earth Magic
    57 | D:1      | Reached XP level 2. HP: 14/15 MP: 0/5
   966 | D:2      | Reached XP level 3. HP: 19/19 MP: 4/7
   971 | D:2      | Learned a level 3 spell: Stone Arrow
  1064 | D:2      | Found a shadowy altar of Dithmenos.
  1344 | D:2      | Noticed a hungry ghost
  1351 | D:2      | Killed a hungry ghost
  1351 | D:2      | Reached skill level 5 in Earth Magic
  1351 | D:2      | Reached XP level 4. HP: 14/24 MP: 0/9
  1351 | D:2      | Reached XP level 5. HP: 16/28 MP: 0/10
  1482 | D:2      | Learned a level 5 spell: Lee's Rapid Deconstruction
  1710 | D:2      | Reached XP level 6. HP: 21/32 MP: 7/11
  2535 | D:3      | Found a runed translucent gate.
  2535 | D:3      | Found a runed translucent gate.
  2535 | D:3      | Found a runed translucent gate.
  2557 | D:3      | Noticed Sickboy's ghost (amateur MiFi)
  2619 | D:3      | Found a bloodstained altar of Trog.
  2619 | D:3      | Found a sacrificial altar of Ru.
  2658 | D:3      | You fall into a shaft and drop 3 floors!
  2658 | D:6      | Noticed a two-headed ogre
  2663 | D:5      | Entered Level 5 of the Dungeon
  2803 | D:3      | Reached skill level 6 in Earth Magic
  3142 | D:4      | Reached XP level 7. HP: 29/36 MP: 9/13
  3212 | D:4      | Got a faintly humming robe
  3231 | D:4      | Identified the +1 robe of the Castellan {rElec Str+2} (You
                  | found it on level 4 of the Dungeon)
  3853 | D:4      | Reached skill level 5 in Spellcasting
  3853 | D:4      | Reached skill level 7 in Earth Magic
  4121 | D:4      | Reached skill level 5 in Conjurations
  4121 | D:4      | Reached XP level 8. HP: 37/41 MP: 11/15
  5017 | D:5      | Noticed Grinder
  5046 | D:5      | Killed Grinder
  5046 | D:5      | Reached skill level 1 in Fighting
  5046 | D:5      | Reached skill level 1 in Maces & Flails
  5046 | D:5      | Reached skill level 1 in Armour
  5114 | D:5      | Noticed Duvessa
  5114 | D:5      | Noticed Dowan
  5121 | D:5      | Killed Duvessa
  5121 | D:5      | Reached skill level 1 in Evocations
  5123 | D:5      | Killed Dowan
  5310 | D:5      | Found a basalt altar of Yredelemnul.
  5393 | D:5      | Gained mutation: You are weak. (Str -2) [potion of
                  | mutation]
  5393 | D:5      | Gained mutation: Your spells are a little harder to cast,
                  | but a little more powerful. [potion of mutation]
  5393 | D:5      | Gained mutation: You have sharp toenails. [potion of
                  | mutation]
  5398 | D:5      | Noticed an air elemental
  5402 | D:5      | Found a stormy altar of Qazlal.
  5403 | D:5      | Noticed Ijyb
  5404 | D:5      | Noticed a water elemental
  5415 | D:5      | Killed Ijyb
  5945 | D:6      | HP: 1/44 [two-headed ogre/+0 giant club (21)]
  5946 | D:6      | Demolished by a two-headed ogre

Illustrated notes

Levels and vault maps discovered:
D:1:      dpeg_arrival_line_fractal, layout_rooms, minmay_tetromino_l2
D:2:      layout_loops_cross, grunt_dithmenos_smoke, minmay_misc_feat_columns
D:3:      layout_rooms, gammafunk_temple_overflow_wave, gammafunk_ghost_split,
          grunt_ministairs_1
D:4:      layout_loops_corners
D:5:      layout_cave_pods, nicolae_qazlal_style_of_elements,
          overflow_temple_1_default, first_ration, uniq_ijyb, uniq_grinder,
          uniq_duvessa
D:6:      layout_rooms, lemuel_crystal_altar, minmay_temple_entry_statues,
          kennysheep_donut

Skill      XL: |  1  2  3  4  5  6  7  8 |
---------------+-------------------------+-----
Earth Magic    | 4 5 6 7 |  7.8
Spellcasting   | 3 4 5 |  5.5
Conjurations   | 2 3 5 |  5.6
Fighting       | 1 |  1.8
Maces & Flails | 1 |  1.6
Armour         | 1 |  1.8
Dodging        | 2 |  2.3
Evocations     | 1 |  1.5
Stealth        | |  2.1
Transmutations | |  0.7

Action                   |  1- 3 |  4- 6 |  7- 9 || total
-------------------------+-------+-------+-------++-------
Melee: Unarmed           |     9 |       |       ||     9
       Club              |    60 |       |       ||    60
       Mace              |    58 |   155 |   106 ||   319
       Dagger            |       |     4 |       ||     4
       Kick              |       |       |     6 ||     6
 Cast: Sandblast         |    14 |    36 |    72 ||   122
       Lee's Rapid Decon |       |       |     2 ||     2
       Stone Arrow       |       |       |     1 ||     1
  Use: Scroll            |     3 |     7 |     4 ||    14
       Potion            |       |       |     3 ||     3
 Stab: Sleeping          |       |     3 |     3 ||     6
  Eat: Chunk             |     2 |     8 |    10 ||    20
Armor: Robe              |    63 |    96 |    69 ||   228
Dodge: Dodged            |   148 |   172 |   104 ||   424

Table legend:
 A = Non-vault XP
 B = Vault XP
 C = Vault XP percentage of total XP
 D = Non-vault monster count
 E = Vault monster count
 F = Vault count percentage of total count
                 A         B        C        D         E       F
            +---------+---------+-------+---------+---------+-------
      Total |    1665 |     553 |  24.9 |     113 |       8 |   6.6
            +---------+---------+-------+---------+---------+-------
        D:1 |      21 |       8 |  27.6 |      12 |       2 |  14.3
        D:2 |     311 |       0 |   0.0 |      28 |       0 |   0.0
        D:3 |     161 |      14 |   8.0 |      24 |       2 |   7.7
        D:4 |     750 |       0 |   0.0 |      38 |       0 |   0.0
        D:5 |     396 |     531 |  57.3 |       9 |       4 |  30.8
        D:6 |      26 |       0 |   0.0 |       2 |       0 |   0.0
            +---------+---------+-------+---------+---------+-------
